 Dungeon Crawl Stone Soup version 0.32-a0-975-g85d4e5bfdb (webtiles) character file.

Game seed: 12584964949847870397

6 Maxmaps the Caller (level 1, 0/13 HPs)
             Began as a Demonspawn Summoner on Apr 19, 2024.
             Slain by a hobgoblin (5 damage)
             ... on level 1 of the Dungeon.
             The game lasted 00:00:26 (245 turns).

Maxmaps the Caller (Demonspawn Summoner)             Turns: 245, Time: 00:00:27

Health: 0/13       AC:  2    Str:  8    XL:     1   Next: 75%
Magic:  2/4        EV: 11    Int: 15    God:
Gold:   6          SH:  0    Dex: 13    Spells: 4/5 levels left

rFire   . . .        c - +0 dagger
rCold   . . .        (no shield)
rNeg    . . .        a - +0 robe
rPois   .            (no helmet)
rElec   .            (no cloak)
rCorr   .            (no gloves)
SInv    .            (no boots)
Will    .....        (no amulet)
Stlth   ++           (no ring)
HPRegen 0.22/turn    (no ring)
MPRegen 0.09/turn

%: no passive effects
@: no status effects
A: no striking features
a: no special abilities


You were on level 1 of the Dungeon.
You visited 1 branch of the dungeon, and saw 1 of its levels.

You collected 6 gold pieces.

Inventory:

Hand Weapons
 c - a +0 dagger (weapon)
Armour
 a - a +0 robe (worn)
Potions
 b - a potion of magic


   Skills:
 - Level 1.7 Dodging
 - Level 1.7 Stealth
 + Level 2.5 Spellcasting
 - Level 4.0 Summonings


You had 4 spell levels left.
You knew the following spells:

 Your Spells              Type           Power      Damage    Failure   Level
a - Summon Small Mammal   Summ           52%        N/A       4%          1

Your spell library contained the following spells:

 Spells                   Type           Power      Damage    Failure   Level
 Call Imp                 Summ           26%        N/A       6%          2
 Call Canine Familiar     Summ           13%        N/A       12%         3
 Summon Blazeheart Golem  Fire/Summ      7%         N/A       67%         4
 Summon Lightning Spire   Summ/Air       7%         N/A       67%         4


Dungeon Overview and Level Annotations

Branches:
Dungeon (1/15)

Altars:


Message History

You hit the hobgoblin but do no damage. The bat hits you but does no damage.
The hobgoblin hits you but does no damage.
You hit the hobgoblin but do no damage. The bat barely misses you.
The hobgoblin barely misses you.
You closely miss the hobgoblin. The bat barely misses you.
The hobgoblin hits you but does no damage.
You hit the hobgoblin.
The hobgoblin is heavily wounded.
The bat barely misses you.
The hobgoblin hits you but does no damage.
You hit the hobgoblin.
The hobgoblin is severely wounded.
The bat closely misses you. The hobgoblin hits you.
You barely miss the hobgoblin.
The hobgoblin is severely wounded.
The hobgoblin barely misses you. The bat closely misses you.
You closely miss the hobgoblin.
The hobgoblin is severely wounded.
The bat hits you. The hobgoblin barely misses you.
You closely miss the hobgoblin.
The hobgoblin is heavily wounded.
The bat hits you but does no damage. The hobgoblin misses you.
The dart slug misses you.
You closely miss the hobgoblin.
The hobgoblin is heavily wounded.
The bat hits you. The bat hits you but does no damage.
The hobgoblin barely misses you.
Casting: Summon Small Mammal (safe; 4% risk of failure)
Confirm with . or Enter, or press ? or * to list all spells.
The bat hits you but does no damage. The hobgoblin hits you.
The dart slug bites you.
Unknown command.
Casting: Summon Small Mammal (safe; 4% risk of failure)
Confirm with . or Enter, or press ? or * to list all spells.
The bat hits your bat but does no damage.
Your bat hits the dart slug but does no damage.
The bat hits your bat but does no damage.
Your bat misses the bat. The bat closely misses your bat.
The hobgoblin hits you.
You die...

##.##.#.#.###..#
#.....##.##~.~..
#.##..........#
#.....##.##~....
#.####.#.####.###.....#
.##.....
#.#.............+.....+
#....[
#.#.#########.###
#..... #...# #.##
#####' ##### #..##
#...#. ##..##### #...#♣
##@....# #.<.#♣
#..g.wb...# #...##
+..b..b.#.# #...'.
#.......# . ######
#.......# #.......#
#.......# #.##.....


You could see a dart slug, a hobgoblin (ally target), a bat (ally target) and 2
friendly bats.

Vanquished Creatures
  A hobgoblin (D:1)
  A ball python (D:1)
  A kobold (D:1)
  A rat (D:1)
4 creatures vanquished.

Vanquished Creatures (collateral kills)
  An endoplasm (D:1)
  A kobold (D:1)
  A rat (D:1)
3 creatures vanquished.

Grand Total: 7 creatures vanquished

Notes
Turn   | Place    | Note
-------+----------+-------------------------------------------
     0 | D:1      | Maxmaps the Demonspawn Summoner began the quest for the
                  | Orb.
     0 | D:1      | Reached XP level 1. HP: 13/13 MP: 3/3
   245 | D:1      | Slain by a hobgoblin

Illustrated notes

Levels and vault maps discovered:
D:1:      scummos_arrival_gate, layout_basic

Action                     || total
---------------------------++-------
  Melee: Dagger            ||    14
         Unarmed           ||    11
   Cast: Summon Small Mamm ||     8
   Stab: Sleeping          ||     1
 Armour: Robe              ||    18
  Dodge: Dodged            ||    22

Table legend: (Time is in decaauts)
 A = Elapsed time spent in this place.
 B = Non-inter-level travel time spent in this place.
 C = Inter-level travel time spent in this place.
 D = Time resting spent in this place.
 E = Time spent auto-exploring this place.
 F = Levels seen in this place.
 G = Mean time per level.
                   A        B        C        D        E       F      G
               +--------+--------+--------+--------+--------+-----+--------+
         Total |    244 |    244 |      0 |     20 |    157 |   1 |  244.0 |
       Dungeon |    244 |    244 |      0 |     20 |    157 |   1 |  244.0 |
               +--------+--------+--------+--------+--------+-----+--------+

Top non-repeatable levels by time:
     D:1: 244 daAuts
